 Dungeon Crawl Stone Soup version 0.30-a0-989-g0d87f670db (webtiles) character file.

Game seed: 18270693544293142591

35954 112233 the Covert (level 13, -51/127 HPs)
             Began as a Naga Enchanter on Apr 3, 2023.
             Was an Initiate of Gozag.
             Killed from afar by Jorgrun (63 damage)
             ... with an iron shot
             ... on level 14 of the Dungeon.
             The game lasted 00:32:26 (22885 turns).

112233 the Covert (Naga Enchanter)                 Turns: 22885, Time: 00:32:27

Health: -51/127    AC: 13    Str: 10    XL:     13   Next: 87%
Magic:  27/27      EV: 12    Int: 25    God:    Gozag
Gold:   523        SH:  5    Dex: 10    Spells: 24/33 levels left

rFire   . . .      SeeInvis +    k - +3 dagger (freeze)
rCold   + . .      Faith    .    (no shield)
rNeg    . . .      Spirit   .    Q - +2 robe {Will+}
rPois   +          Reflect  +    M - +0 helmet
rElec   .          Rampage  .    E - +0 cloak
rCorr   +                        (no gloves)
Will    ++...                    (no barding)
Stlth   +++++++++                K - amulet of Jacs {Reflect rC+ rCorr SH+5}
HPRegen 0.41/turn                I - ring of Shadows {Umbra +Inv Stlth+}
MPRegen 0.20/turn                l - +4 ring of protection

@: wreathed by umbra, very slow
A: AC +4, large, see invisible, deformed body, poison resistance, slowness 2,
spit poison 1, naga tail 2, clever 1, passive freeze
a: Spit Poison, Renounce Religion, Evoke Invisibility, Potion Petition, Call
Merchant, Bribe Branch


You were on level 14 of the Dungeon.
You worshipped Gozag.
Gozag was pleased with you.
You visited 4 branches of the dungeon, and saw 21 of its levels.
You also visited: Bailey.

You collected 4293 gold pieces.
You spent 1472 gold pieces at shops.
You paid 2298 gold pieces to Gozag.

Inventory:

Hand Weapons
 d - a -1 demon whip of venom
 k - a +3 dagger of freezing (weapon)
 u - a +1 dagger of venom
 A - the +9 great sword of Painful Death {heavy, MP+9 Dex+5}
   (You found it in a bailey)

   Dex:       It affects your dexterity (+5).
   MP:        It affects your magic capacity (+9).
 B - a +4 arbalest of flaming
Missiles
 N - 9 throwing nets
Armour
 q - a +2 kite shield
 D - the +1 ring mail of Qece {rElec}
   (You found it on level 6 of the Dungeon)

   rElec:     It insulates you from electricity.
 E - a +0 cloak (worn)
 M - a +0 helmet (worn)
 P - a +2 robe of cold resistance
 Q - a +2 robe of willpower (worn)
Jewellery
 e - an amulet of regeneration
 f - an amulet of the acrobat
 l - a +4 ring of protection (right hand)
 r - a ring of wizardry
 C - a ring of magical power
 I - the ring of Shadows (left hand) {Umbra +Inv Stlth+}
   (You bought it in a shop on level 5 of the Dungeon)

   [ring of stealth]

   Umbra:     It surrounds you with an aura of shadow, increasing your stealth
   and reducing the accuracy of all others within it.
   +Inv:      It lets you turn invisible.
   Stlth:     It makes you more stealthy.
 K - the amulet of Jacs (around neck) {Reflect rC+ rCorr SH+5}
   (You found it on level 9 of the Dungeon)

   [amulet of reflection]

   It reflects blocked missile attacks.
   rC:        It protects you from cold.
   rCorr:     It protects you from acid and corrosion.
   SH:        It affects your SH (+5).
 L - a ring of fire
Wands
 t - a wand of paralysis (16)
 y - a wand of flame (68) (quivered)
Scrolls
 g - 3 scrolls of amnesia
 h - 2 scrolls of noise
 i - 8 scrolls of identify
 m - 4 scrolls of magic mapping
 o - 2 scrolls of immolation
 p - 9 scrolls of poison
 s - a scroll of brand weapon {unknown}
 w - 5 scrolls of fog
 F - 2 scrolls of enchant weapon {unknown}
 G - 2 scrolls of blinking
 H - 2 scrolls of teleportation
 S - a scroll of enchant armour {unknown}
Potions
 a - 2 potions of haste
 b - a potion of magic
 c - a potion of invisibility
 j - 4 potions of mutation
 n - 7 potions of degeneration
 v - 3 potions of berserk rage
 x - 3 potions of flight
 z - 3 potions of brilliance
 J - a potion of lignification
 T - a potion of attraction {unknown}
Miscellaneous
 O - a condenser vane (inert)


   Skills:
 + Level 11.4 Fighting
 + Level 2.6 Short Blades
 + Level 9.9 Dodging
 + Level 13.3 Stealth
 + Level 10.9 Spellcasting
 - Level 9.8 Hexes
 + Level 2.3 Evocations


You had 24 spell levels left.
You knew the following spells:

 Your Spells              Type           Power      Damage    Failure   Level
a - Ensorcelled Hibernat  Hex/Ice        76%        N/A       1%          2
b - Confusing Touch       Hex            58%        N/A       1%          3
c - Tukima's Dance        Hex            58%        N/A       1%          3
d - Apportation           Tloc           26%        N/A       4%          1

Your spell library contained the following spells:

 Spells                   Type           Power      Damage    Failure   Level
 Dazzling Flash           Conj/Hex       76%        N/A       1%          3
 Portal Projectile        Hex/Tloc       76%        N/A       1%          3
 Necrotise                Necr           52%        1d6       4%          1
 Shock                    Conj/Air       52%        1d6       4%          1
 Summon Small Mammal      Summ           52%        N/A       4%          1
 Leda's Liquefaction      Hex/Erth       19%        N/A       6%          4
 Lesser Beckoning         Tloc           26%        N/A       7%          2
 Call Canine Familiar     Summ           13%        N/A       14%         3
 Gell's Gravitas          Tloc           13%        N/A       14%         3
 Swiftness                Air            13%        N/A       14%         3
 Teleport Other           Tloc           13%        N/A       14%         3
 Silence                  Hex/Air        19%        N/A       17%         5
 Airstrike                Air            6%         2d(1-17)  41%         4
 Agony                    Necr           13%        N/A       77%         5
 Blade Hands              Tmut           6%         N/A       77%         5


Dungeon Overview and Level Annotations

Branches:
Dungeon (15/15)            Temple (1/1) D:6            Lair (3/5) D:11
  Snake (0/4) Lair:2          Orc (2/2) D:10            Elf (0/3) Orc:2
 Vaults (0/5) D:14         Bailey (visited)
  Swamp: Lair:2-3    Shoals: Lair:2-3    Depths: D:15

Altars:
Ashenzari
Cheibriados
Dithmenos
Elyvilon
Fedhas
Gozag
Hepliaklqana
Kikubaaqudgha
Makhleb
Nemelex Xobeh
Okawaru
Qazlal
Ru
Sif Muna
Trog
Uskayaw
Vehumet
Wu Jian
Xom
Yredelemnul
Zin
The Shining One

Shops:
D:5 =   Orc:2 [(*[!???*

Annotations:
D:3 3 runed translucent doors, Cecky's ghost, amateur SpEn; playerpeter1231's ghost, amateur AtBe
D:14 exclusion: ice statue, Jorgrun; Rupert; Urug
Lair:2 exclusion: upstairs
Orc:2 2 transporters, P0WERM0DE's ghost, journeyman DrEE


Innate Abilities, Weirdness & Mutations

Your serpentine skin is tough. (AC +4)
You have supernaturally acute eyesight. (SInv)
Armour fits poorly on your strangely shaped body.
Your system is resistant to poisons. (rPois)
You cover ground very slowly.
You can spit poison.
You can use your snake-like lower body to constrict enemies.
Your mind is acute. (Int +4, Str/Dex -1)
A frigid envelope surrounds you and freezes all who hurt you.


Message History

The slime creature hits you but does no damage.
The slime creature is very cold.
The slime creature is severely wounded.
The slime creature hits you.
* * * LOW HITPOINT WARNING * * *
The slime creature is very cold.
The slime creature is severely wounded.
Unknown command.
The slime creature attacks as you move away!
The slime creature hits you!
* * * LOW HITPOINT WARNING * * *
The slime creature is very cold.
The slime creature is severely wounded.
The slime creature attacks as you move away!
The slime creature hits you!
* * * LOW HITPOINT WARNING * * *
The slime creature is very cold.
The slime creature is severely wounded.
Your surroundings suddenly seem different.
Found a crooked bone wand.
Found a stone staircase leading down.
The slime creature is distracted by your dazzling golden aura.
The sentinel's mark upon you fades away.
You see here a wand of digging (3).
Found 8 gold pieces.
Okay, then.
Okay, then.
There is a stone staircase leading down here.
You climb downwards.
You feel a wave of frost pass over you.
There is an entrance to an ice cave on this level.
Hurry and find it before the portal melts!
The walls and floor vibrate strangely for a moment.
Level annotation: exclusion: ice statue The human shouts! x5; The centaur warrior shouts!
The human shouts! x3
The slime creature quivers.
Urug throws a javelin.
The javelin barely misses you.
The javelin pierces through the human!!
Jorgrun gestures at you while chanting. The iron shot hits you!!!
You die...
Your body crumbles into a pile of gold.

.........#..#
............#
..........eH#
.....ppop...#
....p....p..#
....p.....p.#
##.@..<>..p.#
...p.g∩@.pc.#
.#.p.p......#
#.......p..#
.....pspp...#
............#
........J..J#
..........#.#
............#


You could see Rupert (wandering), Jorgrun, Urug, 2 slime creatures, a centaur
warrior, a manticore (wandering), a deep elf pyromancer (wandering), 16 humans
and a redback (wandering).

Vanquished Creatures
  Snorg (D:11)
  Fannar (D:10)
  Harold (D:11)
  2 two-headed ogres
  Erica (D:11)
  6 death yaks
  3 cyclopes
  An orc knight (Orc:2)
  6 orc sorcerers
  Maurice (D:10)
  A black mamba (Lair:1)
  6 komodo dragons
  3 cane toads
  2 kobold demonologists
  2 rime drakes
  5 trolls
  A polar bear (Lair:1)
  12 blink frogs
  A dream sheep (D:7)
  A slime creature (D:13)
  Sigmund (D:3)
  2 wraiths
  3 wyverns
  24 yaks
  2 vampires
  A basilisk (Lair:1)
  Grum (Bailey)
  2 steam dragons
  An acid dragon (D:10)
  9 vampire mosquitoes
  A naga (Lair:2)
  4 water moccasins
  A swamp drake (D:11)
  14 orc warriors
  2 ice beasts (D:7)
  6 wolves (Bailey)
  A black bear (D:5)
  5 ogres
  4 centaurs
  6 bullfrogs
  7 necrophages (Lair:2)
  3 kobold brigands
  3 gnoll sergeants (Bailey)
  3 scorpions
  3 wights (D:9)
  5 killer bees (D:10)
  4 howler monkeys
  A jelly (D:4)
  4 hounds
  11 orc priests
  6 gnoll boudas
  A sleepcap (D:4)
  5 iguanas
  35 orc wizards
  Ijyb (D:3)
  Robin (D:3)
  9 adders
  19 gnolls
  A white imp (D:6)
  2 ufetubi
  6 worms
  3 dart slugs
  45 orcs
  6 endoplasms
  3 giant cockroaches
  7 goblins
  8 hobgoblins
  A jackal (D:1)
  5 ball pythons
  3 frilled lizards
  19 kobolds
  3 rats (D:1)
380 creatures vanquished.

Vanquished Creatures (collateral kills)
  A two-headed ogre (D:13)
  An orc high priest (Orc:2)
  Amaemon (D:11)
  An orc sorcerer (Orc:2)
  3 orc warriors (Orc:2)
  An ogre (Orc:1)
  6 gnoll sergeants
  8 orc priests
  A gnoll bouda (Bailey)
  4 orc wizards
  3 gnolls
  A kobold (D:11)
31 creatures vanquished.

Vanquished Creatures (others)
  An orange demon (D:11)
  9 dancing weapons
  2 orc wizards (Orc:2)
  An orc (D:5)
  14 fungi
  33 plants
60 creatures vanquished.

Grand Total: 471 creatures vanquished

Notes
Turn   | Place    | Note
-------+----------+-------------------------------------------
     0 | D:1      | 112233 the Naga Enchanter began the quest for the Orb.
     0 | D:1      | Reached XP level 1. HP: 15/15 MP: 3/3
   301 | D:1      | Reached XP level 2. HP: 16/22 MP: 5/5
   304 | D:1      | Learned a level 2 spell: Ensorcelled Hibernation
   462 | D:1      | Reached XP level 3. HP: 27/28 MP: 6/6
   952 | D:2      | Reached skill level 5 in Stealth
  1236 | D:2      | Reached XP level 4. HP: 31/37 MP: 2/7
  1814 | D:2      | Learned a level 3 spell: Confusing Touch
  1818 | D:2      | Learned a level 3 spell: Tukima's Dance
  2312 | D:3      | Noticed Ijyb
  2321 | D:3      | Killed Ijyb
  2322 | D:3      | Reached skill level 1 in Fighting
  2381 | D:3      | Found a runed translucent gate.
  2381 | D:3      | Found a runed translucent gate.
  2383 | D:3      | Found a runed translucent gate.
  2419 | D:3      | Noticed Robin
  2421 | D:3      | Killed Robin
  2422 | D:3      | Reached XP level 5. HP: 44/44 MP: 9/9
  2479 | D:3      | Noticed playerpeter1231's ghost (amateur AtBe)
  2480 | D:3      | Noticed Cecky's ghost (amateur SpEn)
  2814 | D:3      | Noticed Sigmund
  2821 | D:3      | Killed Sigmund
  2822 | D:3      | Reached skill level 6 in Stealth
  2822 | D:3      | Reached XP level 6. HP: 48/52 MP: 7/10
  3602 | D:4      | Reached XP level 7. HP: 48/61 MP: 7/12
  4324 | D:5      | Entered Level 5 of the Dungeon
  4338 | D:5      | Reached skill level 7 in Stealth
  4714 | D:5      | Found Xyffuqow's Jewellery Boutique.
  4998 | D:5      | Found a bloodstained altar of Trog.
  5001 | D:5      | Found a stormy altar of Qazlal.
  5004 | D:5      | Found a glowing golden altar of the Shining One.
  5123 | D:6      | Identified the +1 ring mail of Qece {rElec}
  5162 | D:6      | Gained mutation: Your mind is acute. (Int +4, Str/Dex -1)
                  | [potion of mutation]
  5162 | D:6      | Gained mutation: A frigid envelope surrounds you and
                  | freezes all who hurt you. [potion of mutation]
  5301 | D:6      | Found a staircase to the Ecumenical Temple.
  5327 | Temple   | Entered the Ecumenical Temple
  5947 | D:6      | Reached skill level 5 in Hexes
  5947 | D:6      | Reached XP level 8. HP: 69/69 MP: 12/14
  6194 | D:6      | Reached skill level 8 in Stealth
  6548 | D:8      | Noticed a yak
  6550 | D:8      | Noticed a yak
  6552 | D:8      | Noticed a yak
  6576 | D:8      | Found a hazy altar of Hepliaklqana.
  7048 | D:7      | Found a white marble altar of Elyvilon.
  7500 | D:7      | Noticed a dream sheep
  7510 | D:7      | Killed a dream sheep
  7511 | D:7      | Reached skill level 9 in Stealth
  7511 | D:7      | Reached skill level 5 in Spellcasting
  7511 | D:7      | Reached XP level 9. HP: 79/79 MP: 7/16
  7611 | D:7      | Found an opulent altar of Gozag.
  7676 | D:7      | Became a worshipper of Gozag Ym Sagoz the Greedy
  8023 | D:7      | Found a radiant altar of Vehumet.
  8606 | D:8      | Reached skill level 5 in Fighting
  8699 | D:8      | Reached skill level 5 in Dodging
  8699 | D:8      | Reached skill level 10 in Stealth
  9239 | D:9      | Reached XP level 10. HP: 72/91 MP: 2/18
 10116 | D:9      | Identified the amulet of Jacs {Reflect rC+ rCorr SH+5}
 10296 | D:9      | Reached skill level 11 in Stealth
 10567 | D:5      | Bought the ring of Shadows {Umbra +Inv Stlth+} for 560 gold
                  | pieces
 10567 | D:5      | Found the ring of Shadows {Umbra +Inv Stlth+}
 10659 | D:10     | Entered Level 10 of the Dungeon
 10791 | D:10     | Found a flagged portal.
 10803 | Bailey   | Entered a bailey
 11395 | Bailey   | Noticed Grum
 11413 | Bailey   | Killed Grum
 11414 | Bailey   | Reached skill level 12 in Stealth
 11668 | Bailey   | Reached XP level 11. HP: 39/100 MP: 11/21
 11866 | Bailey   | Identified the +9 great sword of Painful Death {heavy, MP+9
                  | Dex+5}
 12143 | D:10     | Found a staircase to the Orcish Mines.
 12420 | D:10     | Noticed Maurice
 12427 | D:10     | Killed Maurice
 12541 | D:10     | Noticed Fannar
 12568 | D:10     | Killed Fannar
 13033 | D:10     | Noticed a two-headed ogre
 13043 | D:10     | Killed a two-headed ogre
 13187 | D:10     | Found a shadowy altar of Dithmenos.
 13525 | D:11     | Noticed a cyclops
 13536 | D:11     | Killed a cyclops
 13768 | D:11     | Noticed Erica
 13784 | D:11     | Killed Erica
 13920 | D:11     | Noticed Snorg
 13972 | D:11     | Killed Snorg
 14189 | D:11     | Noticed Harold
 14215 | D:11     | Killed Harold
 14802 | D:11     | Found a sparkling altar of Nemelex Xobeh.
 15278 | D:11     | Noticed Amaemon
 15281 | D:11     | Reached XP level 12. HP: 112/112 MP: 21/24
 15296 | D:11     | Killed Amaemon
 15510 | D:11     | Found a staircase to the Lair.
 15810 | D:12     | Identified the +2 scale mail of Xyqashref {Str+9 Int+5
                  | Dex-5}
 16145 | D:14     | Found a frozen archway.
 16186 | D:15     | Entered Level 15 of the Dungeon
 16222 | D:15     | Noticed a centaur warrior
 16305 | Orc:1    | Entered Level 1 of the Orcish Mines
 16305 | Orc:1    | Noticed a two-headed ogre
 16310 | Orc:1    | Killed a two-headed ogre
 16577 | Orc:2    | Entered Level 2 of the Orcish Mines
 16583 | Orc:2    | Found a staircase to the Elven Halls.
 16787 | Orc:2    | Found Weeranie's Armour Emporium.
 16789 | Orc:2    | Found Laikiz's General Store.
 16793 | Orc:2    | Found Qogg's Armour Emporium.
 16811 | Orc:2    | Found Wuthratro's Antique Weapon Boutique.
 17144 | Orc:2    | Found a transporter.
 17144 | Orc:2    | Noticed a two-headed ogre
 17144 | Orc:2    | Noticed an ettin
 17145 | Orc:2    | Noticed P0WERM0DE's ghost (journeyman DrEE)
 17146 | Orc:2    | Noticed a two-headed ogre
 17151 | Orc:2    | Found a transporter.
 17158 | Orc:2    | Noticed a two-headed ogre
 17159 | Orc:2    | Noticed a two-headed ogre
 17160 | Orc:2    | Noticed a two-headed ogre
 17319 | Orc:2    | Noticed a soul eater
 17487 | Orc:2    | Found Numihel's Distillery.
 17490 | Orc:2    | Bought a potion of haste for 110 gold pieces
 17490 | Orc:2    | Bought a potion of magic for 88 gold pieces
 17490 | Orc:2    | Bought a potion of lignification for 33 gold pieces
 17490 | Orc:2    | Bought a potion of curing for 33 gold pieces
 17490 | Orc:2    | Bought a potion of curing for 33 gold pieces
 17559 | Orc:2    | Noticed a soul eater
 17562 | Orc:2    | Noticed a soul eater
 17734 | Orc:2    | Noticed an orc high priest
 17741 | Orc:2    | Killed an orc high priest
 17864 | Orc:2    | Noticed a soul eater
 18231 | Orc:2    | Reached skill level 10 in Fighting
 18751 | Orc:2    | Gained mutation: You can use your snake-like lower body to
                  | constrict enemies. [Naga growth]
 18751 | Orc:2    | Reached XP level 13. HP: 117/123 MP: 21/26
 18833 | Orc:2    | Found Ycuseudi's Magic Scroll Emporium.
 18833 | Orc:2    | Found Qucras's Magic Scroll Shoppe.
 18834 | Orc:2    | Found Feobanlo's Assorted Antiques.
 18838 | Orc:2    | Found Morie's Magic Scroll Emporium.
 18841 | Orc:2    | Bought a scroll of blinking for 97 gold pieces
 18841 | Orc:2    | Bought a scroll of fog for 52 gold pieces
 18841 | Orc:2    | Bought a scroll of amnesia for 52 gold pieces
 18841 | Orc:2    | Bought a scroll of magic mapping for 97 gold pieces
 18842 | Orc:2    | Bought a scroll of blinking for 105 gold pieces
 18842 | Orc:2    | Bought a scroll of blinking for 105 gold pieces
 18843 | Orc:2    | Bought a scroll labelled FUEFEI WUBEOGU for 35 gold pieces
 18844 | Orc:2    | Bought a scroll of teleportation for 36 gold pieces
 18844 | Orc:2    | Bought a scroll of teleportation for 36 gold pieces
 19161 | Orc:2    | Learned a level 1 spell: Apportation
 19377 | Lair:1   | Entered Level 1 of the Lair of Beasts
 19386 | Lair:1   | Reached skill level 10 in Spellcasting
 21089 | Lair:2   | Found a staircase to the Snake Pit.
 21271 | Lair:2   | Reached skill level 1 in Evocations
 21605 | Lair:1   | Reached skill level 13 in Stealth
 22876 | D:13     | HP: 6/127 [slime creature (12)]
 22885 | D:14     | Noticed Urug
 22885 | D:14     | Noticed Rupert
 22885 | D:14     | Noticed Jorgrun
 22885 | D:14     | Found a gate to the Vaults.
 22885 | D:14     | Killed from afar by Jorgrun

Illustrated notes

Levels and vault maps discovered:
D:1:      wander_arrival_fairy_ring, layout_loops_cross,
          wad_floor_pattern_untrapped, st_stairs_2, minivault_11,
          minmay_misc_feat_nine_boxes
D:2:      layout_loops_corners
D:3:      layout_basic, gammafunk_ghost_cemetery, uniq_ijyb, uniq_robin,
          uniq_sigmund
D:4:      layout_basic, minivault_27
D:5:      layout_loops_cross, grunt_temple_overflow_diamond, serial_shops,
          nicolae_take_the_stairs, nicolae_titane
D:6:      layout_loops_corners, minmay_temple_entry_wispy, minmay_fountain_box
D:7:      layout_layer_cave, nicolae_gozag_cash_rules_everything_around_me,
          vehumet_altar_wand_db, amcnicky_altar_gilded, dreamdust_gnoll_shepherd
D:8:      layout_cave_pools, nicolae_hepliaklqana_hazy_memory
D:9:      layout_stronghold
D:10:     layout_basic, pf_just_have_faith, minmay_orc_entry_temple_small,
          enter_bailey_2, uniq_fannar, uniq_maurice
D:11:     layout_rooms, erik_lair_dragon, st_stairs_13, nemelex_altar_shiori,
          uniq_erica, uniq_amaemon, uniq_harold, uniq_snorg
D:12:     layout_roguey, serial_corexii_hall, corexii_hall_statues_t,
          chequers_hall_statues_corner_a, corexii_hall_statues_t,
          hangedman_decor_growths
D:13:     layout_gridville, serial_shops,
          nicolae_shop_competitors_out_of_business
D:14:     layout_roguey, david_vaults_3, small_statue_alley_a,
          portal_ice_cave_entry_ice_statue_one, serial_shops,
          nicolae_shop_behind_doors, uniq_agnes, uniq_jorgrun
D:15:     grunt_enter_depths_hoard, layout_stronghold, grunt_decor_resistance
Temple:   minmay_temple_curvy_branch
Lair:1:   layout_regular_city, grunt_megastairs_4, serial_bayou_shore_b,
          lemuel_fruit_tree, infiniplex_staircase_pool, uniq_grum
Lair:2:   layout_regular_city, guppyfry_snake_entry_garden,
          gammafunk_ghost_hydra_chop, roderic_carrion_pond
Lair:3:   layout_cave_pods, swamp_mist, forest_entry_grove
Orc:1:    layout_caves
Orc:2:    st_orc_mages, layout_diamond_mine, serial_shops, shop, shop,
          nicolae_shop_advertising_works [nicolae_subvault_shop_adworks],
          nicolae_shop_behind_doors, shop, gammafunk_ghost_smash

Skill      XL: |  1  2  3  4  5  6  7  8  9 10 11 12 13 |
---------------+----------------------------------------+-----
Dodging        | 2 3 4 5 6 7 8 9 |  9.9
Stealth        | 5 6 7 9 10 12 13 | 13.3
Fighting       | 1 2 3 4 5 7 8 10 11 | 11.4
Spellcasting   | 3 4 5 7 8 9 10 | 10.9
Hexes          | 4 5 6 8 9 |  9.8
Evocations     | 2 |  2.3
Short Blades   | 2 |  2.6

Action                     |  1- 3 |  4- 6 |  7- 9 | 10-12 | 13-15 || total
---------------------------+-------+-------+-------+-------+-------++-------
  Melee: Dagger            |    67 |   102 |   168 |   411 |   263 ||  1011
         Punch             |       |       |       |     4 |     4 ||     8
         Great sword       |       |       |       |     8 |       ||     8
         Constrict         |       |       |       |       |    43 ||    43
   Cast: Ensorcelled Hiber |     5 |    29 |    51 |   143 |    45 ||   273
         Confusing Touch   |       |     2 |     5 |    13 |    17 ||    37
         Tukima's Dance    |       |       |     4 |    65 |     2 ||    71
 Invoke: Potion Petition   |       |       |       |     5 |     1 ||     6
Ability: Spit Poison       |     5 |     9 |     6 |     8 |     1 ||    29
  Evoke: Wand              |       |       |     4 |    17 |       ||    21
         Condenser vane    |       |       |       |     1 |     1 ||     2
    Use: Potion            |     1 |       |     5 |    12 |     4 ||    22
         Scroll            |       |       |     8 |     6 |     4 ||    18
   Stab: Sleeping          |    12 |    30 |    41 |    80 |    35 ||   198
         Confused          |       |     1 |     3 |    14 |     7 ||    25
         Invisible         |       |       |       |     7 |       ||     7
 Armour: Robe              |     6 |    12 |    44 |   175 |   109 ||   346
         Skin              |       |       |       |     1 |       ||     1
  Dodge: Dodged            |    30 |    58 |   132 |   308 |   200 ||   728
  Block: Other             |       |       |       |   104 |    65 ||   169
         Reflection        |       |       |       |     3 |       ||     3

Table legend: (Time is in decaauts)
 A = Elapsed time spent in this place.
 B = Non-inter-level travel time spent in this place.
 C = Inter-level travel time spent in this place.
 D = Time resting spent in this place.
 E = Time spent auto-exploring this place.
 F = Levels seen in this place.
 G = Mean time per level.
                   A        B        C        D        E       F      G
               +--------+--------+--------+--------+--------+-----+--------+
         Total |  27683 |  26286 |   1397 |   3616 |  18523 |  22 | 1258.3 |
       Dungeon |  18948 |  17840 |   1108 |   2143 |  13179 |  15 | 1263.2 |
        Temple |    355 |    345 |     10 |      0 |    335 |   1 |  355.0 |
          Lair |   3466 |   3351 |    115 |    457 |   2246 |   3 | 1155.3 |
  Orcish Mines |   3454 |   3291 |    163 |    457 |   2165 |   2 | 1727.0 |
        Bailey |   1459 |   1459 |      0 |    557 |    595 |   1 | 1459.0 |
               +--------+--------+--------+--------+--------+-----+--------+

Top non-repeatable levels by time:
   Orc:2: 2628 daAuts
    D:11: 2591 daAuts
  Lair:1: 2195 daAuts
     D:9: 1991 daAuts
     D:7: 1925 daAuts
    D:10: 1877 daAuts
     D:6: 1724 daAuts
     D:4: 1553 daAuts
     D:2: 1535 daAuts
  Bailey: 1459 daAuts
     D:3: 1324 daAuts
    D:12: 1137 daAuts
  Lair:2: 1128 daAuts
     D:5: 1057 daAuts
     D:1: 1014 daAuts
